 Dungeon Crawl Stone Soup version 0.31-a0-175-g9f7f995f2b (webtiles) character file.

Game seed: 9310818326874125307

12618 qw the Skirmisher (level 11, -2/106 HPs)
             Began as a Naga Hunter on June 16, 2023.
             Was a Priest of Okawaru.
             Slain by a death yak (24 damage)
             ... on level 1 of the Lair of Beasts.
             The game lasted 00:03:38 (8802 turns).

qw the Skirmisher (Naga Hunter)                     Turns: 8802, Time: 00:03:38

Health: -2/106     AC: 10    Str: 14    XL:     11   Next: 96%
Magic:  14/14      EV: 18    Int:  9    God:    Okawaru [***...]
Gold:   630        SH:  5    Dex: 25    Spells: 10/10 levels left

rFire   . . .        l - +2 shortbow (heavy)
rCold   . . .        (shield currently unavailable)
rNeg    . . .        a - +0 troll leather armour
rPois   +            (no helmet)
rElec   .            (no cloak)
rCorr   .            e - +2 pair of gloves
SInv    +            (no barding)
Will    +....        i - amulet of reflection
Stlth   ++++         j - +6 ring of dexterity
HPRegen 1.17/turn    (no ring)
MPRegen 0.14/turn

%: reflection
@: about to teleport, heroic, very slow
A: AC +3, large, see invisible, deformed body, poison resistance, slowness 2,
spit poison 1, naga tail 1
a: Spit Poison, Renounce Religion, Heroism


You were on level 1 of the Lair of Beasts.
You worshipped Okawaru.
Okawaru was most pleased with you.
You visited 2 branches of the dungeon, and saw 9 of its levels.

You collected 630 gold pieces.


Innate Abilities, Weirdness & Mutations

Your serpentine skin is tough. (AC +3)
You have supernaturally acute eyesight. (SInv)
Armour fits poorly on your strangely shaped body.
Your system is resistant to poisons. (rPois)
You cover ground very slowly.
You can spit poison.
You have a snake-like lower body.


   Skills:
 - Level 9.1(14.1) Fighting
 + Level 13.4(18.4) Ranged Weapons
 - Level 2.1(7.1) Armour
 - Level 6.1(11.1) Dodging
 - Level 1.5(6.5) Stealth
 - Level 4.2 Invocations


You had 10 spell levels left.
You didn't know any spells.
Your spell library was empty.

Inventory:

Hand Weapons
 l - a +2 heavy shortbow (weapon)
Armour
 a - a +0 troll leather armour (worn)
 e - a +2 pair of gloves (worn)
Jewellery
 i - an amulet of reflection (around neck)
 j - a +6 ring of dexterity (left hand)
Scrolls
 b - 4 scrolls of teleportation
 g - a scroll of fog {unknown}
 k - 2 scrolls of identify
Potions
 c - a potion of lignification {unknown}
 d - 3 potions of curing
 f - 2 potions of might
 h - 2 potions of resistance {unknown}
 m - a potion of cancellation
 n - a potion of heal wounds {unknown}

Dungeon Overview and Level Annotations

Branches:
Dungeon (8/15)             Temple (0/1) D:7            Lair (1/5) D:8

Altars:
Ashenzari
Hepliaklqana
Okawaru
Qazlal
Sif Muna
Zin
The Shining One

Annotations:
D:4 1 runed translucent door, Crazy Yiuf
D:8 exclusion: electric eel


Message History

Aiming: Spit Poison (1% risk of failure)
Press: ? - help, Shift-Dir - straight line, f - yak The splash of poison hits the yak.
The yak is poisoned.
The yak is lightly wounded.
The yak misses you.
You shoot an arrow. The arrow hits the yak!
The yak is moderately wounded.
The yak completely misses you. The death yak gores you!!
You shoot an arrow. The arrow hits the yak!
The yak is severely wounded.
The death yak closely misses you. The yak misses you.
You shoot an arrow. The arrow barely misses the yak.
You block the yak's attack. The death yak barely misses you.
The yak gores you but does no damage. The death yak gores you!!
You shoot an arrow. The arrow hits the yak!
You kill the yak!
Okawaru accepts your kill. The death yak misses you.
You shoot an arrow. The arrow hits the death yak.
The death yak is lightly wounded.
You block the death yak's attack. The death yak barely misses you.
You shoot an arrow. The arrow hits the death yak.
The death yak is lightly wounded.
You have got your breath back.
You block the yak's attack.
8800 ||| INVOKING Spit Poison.
Aiming: Spit Poison (1% risk of failure)
Press: ? - help, Shift-Dir - straight line, f/p - death yak The splash of poison hits the death yak!
The death yak is moderately wounded.
The death yak gores you. The yak misses you.
You shoot an arrow. The arrow barely misses the death yak.
You block the yak's attack. The death yak gores you!! The death yak gores you!
The death yak gores you but does no damage.
8802 ||| READING 5 scrolls of teleportation.
As you read the scroll of teleportation, it crumbles to dust.
You feel strangely unstable.
You have got your breath back.
The death yak gores you!!
You die...

¤~##~~~.................
~~~¤~~~.......#.####....
...........#.#..####....
#¤####..###........##...
. #..##.....%...#....
... #..###.........#...
....##..###........##..%
#........##........##...
#..###Y@###.............
. . #.YYY..............#
#..Y...............#
..#.................#
..#####.#........#####
.... .#........##### ...
....#....##.... ##. ..
.....#.... #.... ...
......... #....


You could see 3 death yaks and 2 yaks.

Vanquished Creatures
  A death yak (Lair:1)
  Pikel (D:6)
  A cyclops (D:8)
  2 black mambas (Lair:1)
  4 cane toads (Lair:1)
  A torpor snail (Lair:1)
  2 komodo dragons (Lair:1)
  A troll (D:7)
  Grinder (D:5)
  Prince Ribbit (D:5)
  5 blink frogs (Lair:1)
  2 dream sheep (Lair:1)
  Sigmund (D:4)
  A wyvern (Lair:1)
  Eustachio (D:4)
  12 yaks (Lair:1)
  A steam dragon (D:6)
  Edmund (D:5)
  5 water moccasins
  4 orc warriors
  2 ice beasts
  2 ogres
  6 wolves
  3 phantoms
  9 bullfrogs
  3 scorpions
  A gnoll sergeant (D:8)
  4 wights (D:8)
  6 killer bees
  2 howler monkeys
  2 electric eels (D:8)
  3 orc priests
  A lava snake (Lair:1)
  4 jellies
  8 hounds
  2 gnoll boudas
  A sleepcap (D:8)
  Terence (D:3)
  4 iguanas
  3 orc wizards
  10 gnolls
  6 adders
  A shadow imp (D:6)
  A white imp (D:6)
  An ufetubus (D:5)
  3 worms
  2 dart slugs
  24 orcs
  8 ball pythons
  2 bats (D:1)
  2 endoplasms (D:1)
  5 giant cockroaches
  9 goblins
  7 hobgoblins
  4 jackals (D:1)
  4 kobolds
  3 quokkas
  5 frilled lizards
  7 rats
219 creatures vanquished.

Vanquished Creatures (others)
  A hound (D:8)
1 creature vanquished.

Grand Total: 220 creatures vanquished

Notes
Turn   | Place    | Note
-------+----------+-------------------------------------------
     0 | D:1      | qw the Naga Hunter began the quest for the Orb.
     0 | D:1      | Reached XP level 1. HP: 19/19 MP: 1/1
     0 | D:1      | 0 ||| qw: Version: 0.2-a-29-g511e9b1
     0 | D:1      | 0 ||| qw: Game counter: 80
     0 | D:1      | 0 ||| qw: Always use a shield: true
     0 | D:1      | 0 ||| qw: God list: Okawaru
     0 | D:1      | 0 ||| qw: Allow faded altars: false
     0 | D:1      | 0 ||| qw: Do Orc after D:15 true
     0 | D:1      | 0 ||| qw: Do second Lair branch before Depths: true
     0 | D:1      | 0 ||| qw: Lair rune preference: random
     0 | D:1      | 0 ||| qw: Plans: Normal
     0 | D:1      | 0 ||| PLANNING D:1-11
    80 | D:1      | 80 ||| INVOKING Spit Poison.
   102 | D:1      | 102 ||| INVOKING Spit Poison.
   111 | D:1      | 111 ||| INVOKING Spit Poison.
   129 | D:1      | 129 ||| INVOKING Spit Poison.
   132 | D:1      | Reached skill level 4 in Ranged Weapons
   132 | D:1      | Reached XP level 2. HP: 26/26 MP: 2/2
   137 | D:1      | 137 ||| INVOKING Spit Poison.
   147 | D:1      | 147 ||| INVOKING Spit Poison.
   192 | D:1      | 192 ||| INVOKING Spit Poison.
   295 | D:1      | 295 ||| INVOKING Spit Poison.
   300 | D:1      | 300 ||| INVOKING Spit Poison.
   302 | D:1      | Reached XP level 3. HP: 32/32 MP: 3/3
   320 | D:1      | 320 ||| INVOKING Spit Poison.
   323 | D:1      | 323 ||| INVOKING Spit Poison.
   327 | D:1      | 327 ||| INVOKING Spit Poison.
   331 | D:1      | 331 ||| FLEEEEING.
   333 | D:1      | 333 ||| INVOKING Spit Poison.
   409 | D:1      | 409 ||| INVOKING Spit Poison.
   428 | D:1      | 428 ||| INVOKING Spit Poison.
   466 | D:1      | 466 ||| INVOKING Spit Poison.
   469 | D:1      | 469 ||| INVOKING Spit Poison.
   470 | D:1      | 470 ||| INVOKING Spit Poison.
   489 | D:1      | 489 ||| INVOKING Spit Poison.
   495 | D:1      | 495 ||| INVOKING Spit Poison.
   501 | D:1      | 501 ||| INVOKING Spit Poison.
   504 | D:1      | HP: 8/32 [jackal (1)]
   506 | D:1      | 506 ||| INVOKING Spit Poison.
   629 | D:1      | 629 ||| INVOKING Spit Poison.
   723 | D:1      | 723 ||| DROPPING ring of wizardry.
   724 | D:1      | 724 ||| READING scroll labelled ACUGARPHI CIUCW.
   725 | D:1      | 725 ||| READING scroll labelled BITIOT WONKEOM.
   726 | D:1      | 726 ||| DROPPING scroll of butterflies.
   746 | D:2      | 746 ||| INVOKING Spit Poison.
   764 | D:2      | 764 ||| INVOKING Spit Poison.
   776 | D:2      | 776 ||| INVOKING Spit Poison.
   781 | D:2      | 781 ||| INVOKING Spit Poison.
   791 | D:2      | 791 ||| INVOKING Spit Poison.
   826 | D:2      | 826 ||| INVOKING Spit Poison.
   829 | D:2      | 829 ||| INVOKING Spit Poison.
   835 | D:2      | Reached skill level 5 in Ranged Weapons
   835 | D:2      | Reached XP level 4. HP: 29/39 MP: 4/4
   883 | D:2      | 883 ||| INVOKING Spit Poison.
  1017 | D:2      | 1017 ||| INVOKING Spit Poison.
  1058 | D:2      | 1058 ||| INVOKING Spit Poison.
  1062 | D:2      | 1062 ||| INVOKING Spit Poison.
  1067 | D:2      | 1067 ||| INVOKING Spit Poison.
  1097 | D:2      | Identified the +0 quarterstaff of Resourcefulness {heavy,
                  | rC++}
  1183 | D:2      | 1183 ||| INVOKING Spit Poison.
  1205 | D:2      | 1205 ||| INVOKING Spit Poison.
  1218 | D:2      | 1218 ||| INVOKING Spit Poison.
  1222 | D:2      | 1222 ||| INVOKING Spit Poison.
  1337 | D:2      | 1337 ||| INVOKING Spit Poison.
  1352 | D:2      | 1352 ||| INVOKING Spit Poison.
  1407 | D:2      | Found a faded altar of an unknown god.
  1482 | D:2      | 1482 ||| UPGRADING to +0 pair of gloves.
  1487 | D:2      | 1487 ||| READING 4 scrolls labelled KIUCVE DOLO.
  1553 | D:3      | 1553 ||| INVOKING Spit Poison.
  1595 | D:3      | 1595 ||| INVOKING Spit Poison.
  1611 | D:3      | 1611 ||| INVOKING Spit Poison.
  1644 | D:3      | 1644 ||| INVOKING Spit Poison.
  1651 | D:3      | 1651 ||| INVOKING Spit Poison.
  1654 | D:3      | 1654 ||| INVOKING Spit Poison.
  1673 | D:3      | 1673 ||| INVOKING Spit Poison.
  1679 | D:3      | 1679 ||| INVOKING Spit Poison.
  1680 | D:3      | Reached skill level 3 in Fighting
  1680 | D:3      | Reached XP level 5. HP: 34/49 MP: 5/5
  1763 | D:3      | 1763 ||| INVOKING Spit Poison.
  1894 | D:3      | Found a glowing golden altar of the Shining One.
  1978 | D:3      | 1978 ||| INVOKING Spit Poison.
  1982 | D:3      | 1982 ||| INVOKING Spit Poison.
  2005 | D:3      | 2005 ||| INVOKING Spit Poison.
  2042 | D:3      | Found a glowing silver altar of Zin.
  2085 | D:3      | 2085 ||| Stepping ~*~*~tactically~*~*~ (outnumbered).
  2086 | D:3      | 2086 ||| INVOKING Spit Poison.
  2091 | D:3      | 2091 ||| INVOKING Spit Poison.
  2096 | D:3      | 2096 ||| INVOKING Spit Poison.
  2137 | D:3      | Found an iron altar of Okawaru.
  2138 | D:3      | 2138 ||| PLANNING OKAWARU WORSHIP
  2138 | D:3      | 2138 ||| DROPPING amulet of magic regeneration.
  2139 | D:3      | 2139 ||| UPGRADING to amulet of reflection.
  2144 | D:3      | 2144 ||| READING scroll labelled RETOESKI GAVE.
  2145 | D:3      | 2145 ||| READING scroll labelled KOSEL LAEMU.
  2146 | D:3      | 2146 ||| READING scroll labelled EDDIEKLAKLUGRY.
  2233 | D:3      | Became a worshipper of Warmaster Okawaru
  2234 | D:3      | 2234 ||| PLANNING D:1-11
  2240 | D:3      | 2240 ||| READING scroll of enchant weapon.
  2240 | D:3      | 2240 ||| ENCHANTING +1 shortbow.
  2335 | D:3      | 2335 ||| INVOKING Spit Poison.
  2417 | D:3      | Noticed Terence
  2418 | D:3      | 2418 ||| INVOKING Spit Poison.
  2420 | D:3      | Killed Terence
  2485 | D:3      | 2485 ||| INVOKING Spit Poison.
  2529 | D:3      | 2529 ||| INVOKING Spit Poison.
  2579 | D:4      | 2579 ||| INVOKING Spit Poison.
  2582 | D:4      | 2582 ||| STAIRDANCE
  2584 | D:3      | 2584 ||| INVOKING Spit Poison.
  2586 | D:3      | Reached XP level 6. HP: 44/56 MP: 6/6
  2630 | D:4      | Noticed Eustachio
  2633 | D:4      | 2633 ||| INVOKING Spit Poison.
  2640 | D:4      | 2640 ||| INVOKING Spit Poison.
  2642 | D:4      | Killed Eustachio
  2643 | D:4      | Reached skill level 6 in Ranged Weapons
  2702 | D:4      | 2702 ||| INVOKING Spit Poison.
  2705 | D:4      | 2705 ||| INVOKING Spit Poison.
  2734 | D:4      | 2734 ||| INVOKING Spit Poison.
  2755 | D:4      | 2755 ||| INVOKING Spit Poison.
  2758 | D:4      | Reached * piety under Okawaru
  2759 | D:4      | Reached XP level 7. HP: 64/64 MP: 7/7
  2765 | D:4      | 2765 ||| INVOKING Spit Poison.
  2775 | D:4      | Found a hazy altar of Hepliaklqana.
  2842 | D:4      | Found a runed translucent door.
  2843 | D:4      | Noticed Crazy Yiuf
  2861 | D:4      | 2861 ||| INVOKING Spit Poison.
  2862 | D:4      | 2862 ||| INVOKING Heroism.
  2868 | D:4      | 2868 ||| INVOKING Spit Poison.
  2919 | D:4      | 2919 ||| INVOKING Spit Poison.
  2927 | D:4      | Reached skill level 7 in Ranged Weapons
  2927 | D:4      | Noticed Sigmund
  2928 | D:4      | 2928 ||| INVOKING Heroism.
  2930 | D:4      | 2930 ||| INVOKING Heroism.
  2931 | D:4      | 2931 ||| INVOKING Heroism.
  2932 | D:4      | 2932 ||| INVOKING Spit Poison.
  2938 | D:4      | Killed Sigmund
  2939 | D:4      | Reached skill level 3 in Dodging
  3038 | D:4      | 3038 ||| INVOKING Spit Poison.
  3246 | D:4      | 3246 ||| INVOKING Spit Poison.
  3294 | D:4      | 3294 ||| UPGRADING to +2 leather armour of willpower.
  3304 | D:4      | 3304 ||| DROPPING +0 leather armour.
  3305 | D:4      | 3305 ||| DRINKING 3 green potions.
  3306 | D:4      | 3306 ||| DRINKING 2 black potions.
  3307 | D:4      | 3307 ||| READING 3 scrolls of identify.
  3307 | D:4      | 3307 ||| IDENTIFYING white potion
  3308 | D:4      | 3308 ||| READING 2 scrolls of identify.
  3308 | D:4      | 3308 ||| IDENTIFYING fizzy brown potion
  3309 | D:4      | 3309 ||| DROPPING potion of enlightenment.
  3333 | D:5      | Entered Level 5 of the Dungeon
  3355 | D:5      | 3355 ||| INVOKING Heroism.
  3359 | D:5      | 3359 ||| INVOKING Spit Poison.
  3361 | D:5      | Reached skill level 1 in Invocations
  3404 | D:5      | 3404 ||| INVOKING Spit Poison.
  3407 | D:5      | 3407 ||| INVOKING Spit Poison.
  3415 | D:5      | 3415 ||| INVOKING Spit Poison.
  3422 | D:5      | 3422 ||| INVOKING Spit Poison.
  3425 | D:5      | Reached XP level 8. HP: 72/72 MP: 9/9
  3429 | D:5      | Noticed Prince Ribbit
  3430 | D:5      | 3430 ||| INVOKING Heroism.
  3431 | D:5      | 3431 ||| INVOKING Spit Poison.
  3432 | D:5      | 3432 ||| INVOKING Spit Poison.
  3439 | D:5      | 3439 ||| INVOKING Spit Poison.
  3439 | D:5      | Killed Prince Ribbit
  3440 | D:5      | Reached skill level 3 in Invocations
  3447 | D:5      | 3447 ||| INVOKING Spit Poison.
  3466 | D:5      | 3466 ||| INVOKING Spit Poison.
  3468 | D:5      | Noticed Grinder
  3469 | D:5      | 3469 ||| INVOKING Heroism.
  3470 | D:5      | 3470 ||| INVOKING Spit Poison.
  3471 | D:5      | 3471 ||| INVOKING Spit Poison.
  3475 | D:5      | 3475 ||| INVOKING Spit Poison.
  3481 | D:5      | 3481 ||| INVOKING Spit Poison.
  3483 | D:5      | 3483 ||| INVOKING Heroism.
  3485 | D:5      | Killed Grinder
  3485 | D:5      | Reached ** piety under Okawaru
  3486 | D:5      | Reached skill level 8 in Ranged Weapons
  3486 | D:5      | 3486 ||| INVOKING Spit Poison.
  3732 | D:5      | 3732 ||| INVOKING Heroism.
  3733 | D:5      | 3733 ||| INVOKING Spit Poison.
  3738 | D:5      | 3738 ||| INVOKING Spit Poison.
  3742 | D:5      | 3742 ||| INVOKING Spit Poison.
  3819 | D:5      | Found a shimmering blue altar of Sif Muna.
  4030 | D:5      | 4030 ||| INVOKING Spit Poison.
  4156 | D:5      | 4156 ||| INVOKING Heroism.
  4204 | D:5      | 4204 ||| INVOKING Spit Poison.
  4205 | D:5      | Noticed Edmund
  4206 | D:5      | 4206 ||| INVOKING Heroism.
  4213 | D:5      | 4213 ||| INVOKING Spit Poison.
  4217 | D:5      | 4217 ||| INVOKING Spit Poison.
  4222 | D:5      | 4222 ||| INVOKING Spit Poison.
  4227 | D:5      | 4227 ||| INVOKING Spit Poison.
  4228 | D:5      | 4228 ||| INVOKING Heroism.
  4231 | D:5      | Killed Edmund
  4232 | D:5      | Reached XP level 9. HP: 45/81 MP: 9/12
  4232 | D:5      | 4232 ||| INVOKING Spit Poison.
  4432 | D:5      | 4432 ||| INVOKING Spit Poison.
  4448 | D:5      | 4448 ||| INVOKING Spit Poison.
  4795 | D:5      | 4795 ||| UPGRADING to +2 pair of gloves.
  4805 | D:5      | 4805 ||| DROPPING +0 pair of gloves.
  4806 | D:5      | 4806 ||| READING 2 scrolls labelled ASOIGAKUADU.
  4807 | D:5      | 4807 ||| DROPPING scroll of vulnerability.
  4808 | D:5      | 4808 ||| DROPPING potion of invisibility.
  4897 | D:6      | 4897 ||| INVOKING Heroism.
  4902 | D:6      | Reached skill level 9 in Ranged Weapons
  5013 | D:6      | 5013 ||| INVOKING Spit Poison.
  5016 | D:6      | 5016 ||| INVOKING Spit Poison.
  5113 | D:6      | 5113 ||| INVOKING Spit Poison.
  5116 | D:6      | Reached skill level 1 in Armour
  5131 | D:6      | 5131 ||| INVOKING Spit Poison.
  5132 | D:6      | 5132 ||| INVOKING Spit Poison.
  5243 | D:6      | Noticed Pikel
  5244 | D:6      | 5244 ||| INVOKING Heroism.
  5245 | D:6      | 5245 ||| INVOKING Spit Poison.
  5253 | D:6      | 5253 ||| INVOKING Spit Poison.
  5259 | D:6      | Killed Pikel
  5449 | D:6      | 5449 ||| INVOKING Spit Poison.
  5457 | D:6      | 5457 ||| INVOKING Heroism.
  5541 | D:6      | 5541 ||| INVOKING Spit Poison.
  5545 | D:6      | 5545 ||| INVOKING Spit Poison.
  5675 | D:6      | 5675 ||| INVOKING Heroism.
  5676 | D:6      | 5676 ||| INVOKING Spit Poison.
  5680 | D:6      | 5680 ||| Stepping ~*~*~tactically~*~*~ (cloud).
  5681 | D:6      | 5681 ||| Stepping ~*~*~tactically~*~*~ (cloud).
  5789 | D:6      | 5789 ||| DRINKING 2 metallic sapphire potions.
  5790 | D:6      | 5790 ||| DROPPING potion of degeneration.
  5811 | D:7      | 5811 ||| INVOKING Spit Poison.
  5812 | D:7      | 5812 ||| INVOKING Heroism.
  5816 | D:7      | 5816 ||| INVOKING Spit Poison.
  5822 | D:7      | 5822 ||| INVOKING Spit Poison.
  5827 | D:7      | Reached skill level 10 in Ranged Weapons
  5935 | D:7      | 5935 ||| INVOKING Spit Poison.
  5938 | D:7      | 5938 ||| INVOKING Heroism.
  5941 | D:7      | Reached XP level 10. HP: 65/94 MP: 10/13
  6162 | D:7      | 6162 ||| INVOKING Spit Poison.
  6167 | D:7      | 6167 ||| INVOKING Spit Poison.
  6169 | D:7      | 6169 ||| INVOKING Heroism.
  6171 | D:7      | 6171 ||| INVOKING Spit Poison.
  6177 | D:7      | 6177 ||| INVOKING Spit Poison.
  6184 | D:7      | 6184 ||| INVOKING Spit Poison.
  6191 | D:7      | 6191 ||| INVOKING Spit Poison.
  6197 | D:7      | 6197 ||| INVOKING Spit Poison.
  6202 | D:7      | 6202 ||| INVOKING Heroism.
  6206 | D:7      | 6206 ||| INVOKING Spit Poison.
  6374 | D:7      | Found a staircase to the Ecumenical Temple.
  6475 | D:7      | Found a broken altar of Ashenzari.
  6669 | D:7      | 6669 ||| INVOKING Spit Poison.
  6674 | D:7      | 6674 ||| INVOKING Spit Poison.
  6768 | D:7      | 6768 ||| INVOKING Spit Poison.
  6775 | D:7      | 6775 ||| INVOKING Spit Poison.
  6779 | D:7      | 6779 ||| INVOKING Spit Poison.
  6784 | D:7      | Reached skill level 11 in Ranged Weapons
  6865 | D:7      | 6865 ||| UPGRADING to +6 ring of dexterity.
  6866 | D:7      | 6866 ||| READING scroll labelled DASSIE LITEDI.
  6867 | D:7      | 6867 ||| READING 2 scrolls of identify.
  6867 | D:7      | 6867 ||| IDENTIFYING golden potion
  6868 | D:7      | 6868 ||| DROPPING potion of berserk rage.
  6924 | D:8      | 6924 ||| INVOKING Heroism.
  6925 | D:8      | 6925 ||| INVOKING Spit Poison.
  6930 | D:8      | 6930 ||| INVOKING Spit Poison.
  6935 | D:8      | 6935 ||| INVOKING Spit Poison.
  6939 | D:8      | 6939 ||| INVOKING Spit Poison.
  6941 | D:8      | 6941 ||| STAIRDANCE
  6946 | D:7      | 6946 ||| INVOKING Heroism.
  6947 | D:7      | 6947 ||| INVOKING Spit Poison.
  6948 | D:7      | HP: 23/94 [troll (1)]
  6949 | D:7      | 6949 ||| READING 4 scrolls of teleportation.
  6950 | D:7      | 6950 ||| INVOKING Spit Poison.
  7232 | D:7      | 7232 ||| UPGRADING to +0 troll leather armour.
  7242 | D:7      | 7242 ||| DROPPING +2 leather armour of willpower.
  7246 | D:8      | 7246 ||| INVOKING Heroism.
  7247 | D:8      | 7247 ||| INVOKING Spit Poison.
  7252 | D:8      | 7252 ||| STAIRDANCE
  7309 | D:7      | 7309 ||| INVOKING Spit Poison.
  7340 | D:8      | 7340 ||| INVOKING Spit Poison.
  7344 | D:8      | 7344 ||| INVOKING Spit Poison.
  7345 | D:8      | 7345 ||| STAIRDANCE
  7347 | D:7      | 7347 ||| INVOKING Heroism.
  7348 | D:7      | 7348 ||| INVOKING Spit Poison.
  7354 | D:7      | 7354 ||| INVOKING Spit Poison.
  7357 | D:7      | 7357 ||| INVOKING Spit Poison.
  7421 | D:8      | 7421 ||| INVOKING Spit Poison.
  7450 | D:8      | Noticed a cyclops
  7451 | D:8      | 7451 ||| FLEEEEING.
  7452 | D:8      | 7452 ||| FLEEEEING.
  7453 | D:8      | 7453 ||| FLEEEEING.
  7454 | D:8      | 7454 ||| FLEEEEING.
  7455 | D:8      | 7455 ||| FLEEEEING.
  7462 | D:8      | 7462 ||| FLEEEEING.
  7463 | D:8      | 7463 ||| FLEEEEING.
  7464 | D:8      | 7464 ||| STAIRDANCE
  7480 | D:8      | 7480 ||| INVOKING Heroism.
  7481 | D:8      | 7481 ||| INVOKING Spit Poison.
  7484 | D:8      | Killed a cyclops
  7584 | D:8      | 7584 ||| INVOKING Spit Poison.
  7592 | D:8      | 7592 ||| INVOKING Spit Poison.
  7594 | D:8      | 7594 ||| INVOKING Heroism.
  7597 | D:8      | 7597 ||| INVOKING Spit Poison.
  7617 | D:8      | 7617 ||| INVOKING Heroism.
  7622 | D:8      | 7622 ||| INVOKING Spit Poison.
  7786 | D:8      | Found a stormy altar of Qazlal.
  7814 | D:8      | 7814 ||| INVOKING Spit Poison.
  7822 | D:8      | 7822 ||| INVOKING Spit Poison.
  7825 | D:8      | 7825 ||| INVOKING Heroism.
  7826 | D:8      | 7826 ||| INVOKING Spit Poison.
  7830 | D:8      | 7830 ||| INVOKING Spit Poison.
  7836 | D:8      | 7836 ||| INVOKING Spit Poison.
  7868 | D:8      | 7868 ||| INVOKING Heroism.
  8030 | D:8      | Found a staircase to the Lair.
  8051 | D:8      | 8051 ||| PLANNING LAIR
  8051 | D:8      | 8051 ||| READING scroll labelled COD DAR OSKE.
  8052 | D:8      | 8052 ||| READING scroll labelled YPITEG XELIFU.
  8053 | D:8      | 8053 ||| DRINKING 2 ruby potions.
  8054 | D:8      | 8054 ||| DROPPING potion of attraction.
  8061 | Lair:1   | Entered Level 1 of the Lair of Beasts
  8062 | Lair:1   | 8062 ||| INVOKING Spit Poison.
  8066 | Lair:1   | 8066 ||| INVOKING Heroism.
  8068 | Lair:1   | 8068 ||| INVOKING Spit Poison.
  8072 | Lair:1   | 8072 ||| INVOKING Spit Poison.
  8075 | Lair:1   | 8075 ||| INVOKING Spit Poison.
  8079 | Lair:1   | 8079 ||| INVOKING Spit Poison.
  8082 | Lair:1   | HP: 24/96 [yak (3)]
  8083 | Lair:1   | 8083 ||| READING 7 scrolls of teleportation.
  8086 | Lair:1   | 8086 ||| INVOKING Spit Poison.
  8091 | Lair:1   | HP: 24/96 [komodo dragon (7)]
  8092 | Lair:1   | 8092 ||| READING 6 scrolls of teleportation.
  8093 | Lair:1   | 8093 ||| INVOKING Heroism.
  8094 | Lair:1   | 8094 ||| INVOKING Spit Poison.
  8094 | Lair:1   | Noticed a cane toad
  8097 | Lair:1   | 8097 ||| READING 5 scrolls of teleportation.
  8099 | Lair:1   | Killed a cane toad
  8099 | Lair:1   | HP: 23/96 [water moccasin (5)]
  8100 | Lair:1   | Reached XP level 11. HP: 21/103 MP: 12/14
  8104 | Lair:1   | Reached skill level 12 in Ranged Weapons
  8181 | Lair:1   | 8181 ||| INVOKING Spit Poison.
  8185 | Lair:1   | 8185 ||| INVOKING Spit Poison.
  8191 | Lair:1   | 8191 ||| INVOKING Spit Poison.
  8196 | Lair:1   | 8196 ||| INVOKING Spit Poison.
  8202 | Lair:1   | 8202 ||| INVOKING Heroism.
  8203 | Lair:1   | 8203 ||| INVOKING Spit Poison.
  8206 | Lair:1   | 8206 ||| INVOKING Spit Poison.
  8213 | Lair:1   | 8213 ||| INVOKING Spit Poison.
  8293 | Lair:1   | 8293 ||| INVOKING Spit Poison.
  8298 | Lair:1   | 8298 ||| INVOKING Spit Poison.
  8300 | Lair:1   | 8300 ||| INVOKING Heroism.
  8302 | Lair:1   | 8302 ||| INVOKING Spit Poison.
  8305 | Lair:1   | 8305 ||| INVOKING Spit Poison.
  8347 | Lair:1   | 8347 ||| INVOKING Spit Poison.
  8351 | Lair:1   | 8351 ||| INVOKING Spit Poison.
  8357 | Lair:1   | 8357 ||| INVOKING Spit Poison.
  8360 | Lair:1   | 8360 ||| INVOKING Spit Poison.
  8362 | Lair:1   | Reached skill level 13 in Ranged Weapons
  8383 | Lair:1   | 8383 ||| INVOKING Heroism.
  8384 | Lair:1   | 8384 ||| INVOKING Spit Poison.
  8467 | Lair:1   | 8467 ||| INVOKING Spit Poison.
  8469 | Lair:1   | 8469 ||| INVOKING Heroism.
  8473 | Lair:1   | 8473 ||| INVOKING Spit Poison.
  8477 | Lair:1   | 8477 ||| INVOKING Spit Poison.
  8480 | Lair:1   | 8480 ||| INVOKING Spit Poison.
  8484 | Lair:1   | Reached *** piety under Okawaru
  8549 | Lair:1   | 8549 ||| INVOKING Spit Poison.
  8552 | Lair:1   | 8552 ||| INVOKING Heroism.
  8616 | Lair:1   | 8616 ||| INVOKING Heroism.
  8619 | Lair:1   | Reached skill level 9 in Fighting
  8633 | Lair:1   | 8633 ||| INVOKING Spit Poison.
  8635 | Lair:1   | 8635 ||| INVOKING Heroism.
  8636 | Lair:1   | 8636 ||| INVOKING Spit Poison.
  8643 | Lair:1   | 8643 ||| INVOKING Spit Poison.
  8644 | Lair:1   | Reached skill level 6 in Dodging
  8720 | Lair:1   | 8720 ||| INVOKING Heroism.
  8724 | Lair:1   | 8724 ||| INVOKING Spit Poison.
  8725 | Lair:1   | 8725 ||| INVOKING Spit Poison.
  8783 | Lair:1   | Noticed a death yak
  8784 | Lair:1   | 8784 ||| INVOKING Heroism.
  8785 | Lair:1   | 8785 ||| INVOKING Spit Poison.
  8787 | Lair:1   | Noticed a death yak
  8788 | Lair:1   | 8788 ||| INVOKING Spit Poison.
  8789 | Lair:1   | Noticed a death yak
  8791 | Lair:1   | Noticed a death yak
  8792 | Lair:1   | Killed a death yak
  8793 | Lair:1   | 8793 ||| INVOKING Spit Poison.
  8800 | Lair:1   | 8800 ||| INVOKING Spit Poison.
  8801 | Lair:1   | HP: 21/106 [death yak (13)]
  8802 | Lair:1   | 8802 ||| READING 5 scrolls of teleportation.
  8802 | Lair:1   | Slain by a death yak

Levels and vault maps discovered:
D:1:      minmay_arrival_widening_spiral_wide, layout_loops_cross
D:2:      layout_loops_cross, shapermc_ecumenical_altar_mp_vishouse,
          kennysheep_cross_room, minmay_pentomino_s2
D:3:      minmay_inner_zag, layout_basic, zin_scriptorium,
          general_overflow_altar, okawaru_altar_gauntlet_db,
          minmay_fractal_squares_gapless_5, uniq_terence
D:4:      layout_rooms, nicolae_hepliaklqana_hazy_memory, uniq_sigmund,
          uniq_crazy_yiuf_cottage, uniq_eustachio
D:5:      layout_layer_cave, mainiacjoe_overflow_six_doors_small, uniq_edmund,
          uniq_grinder, uniq_prince_ribbit1
D:6:      layout_basic, uniq_pikel
D:7:      layout_cave_pods, nicolae_ashenzari_skybound,
          minmay_temple_entry_drinking_statues, grunt_decor_resistance
D:8:      layout_cave_pools, kennysheep_mini_moat, erik_lair_island,
          minmay_fractal_squares_5
Lair:1:   layout_gridlike, grunt_megastairs_2, lemuel_fruit_fields,
          serial_bayou_shore_a

Skill      XL: |  1  2  3  4  5  6  7  8  9 10 11 |
---------------+----------------------------------+-----
Ranged Weapons | 4 5 6 7 8 10 11 13 | 13.4
Fighting       | 3 4 5 7 8 9 |  9.1
Dodging        | 3 5 6 |  6.1
Invocations    | 1 4 |  4.2
Armour         | 1 2 |  2.1
Stealth        | |  1.5

Action                     |  1- 3 |  4- 6 |  7- 9 | 10-12 || total
---------------------------+-------+-------+-------+-------++-------
   Fire: Shortbow          |    50 |    78 |   253 |   283 ||   664
 Invoke: Heroism           |       |       |    16 |    22 ||    38
Ability: Spit Poison       |    29 |    38 |    46 |    73 ||   186
    Use: Scroll            |     2 |     5 |     3 |     9 ||    19
         Potion            |       |       |     3 |     1 ||     4
 Armour: Leather armour    |    10 |     5 |    38 |    34 ||    87
         Troll leather arm |       |       |       |    60 ||    60
  Dodge: Dodged            |    26 |    23 |    55 |   295 ||   399
  Block: Other             |       |     5 |    27 |    86 ||   118

Table legend:
 A = Non-vault XP
 B = Vault XP
 C = Vault XP percentage of total XP
 D = Non-vault monster count
 E = Vault monster count
 F = Vault count percentage of total count
                 A         B        C        D         E       F
            +---------+---------+-------+---------+---------+-------
      Total |   12864 |    5162 |  28.6 |     178 |      41 |  18.7
            +---------+---------+-------+---------+---------+-------
        D:1 |      57 |       0 |   0.0 |      24 |       0 |   0.0
        D:2 |      61 |      15 |  19.7 |      16 |       2 |  11.1
        D:3 |     138 |      75 |  35.2 |      13 |      13 |  50.0
        D:4 |     265 |     429 |  61.8 |      14 |       2 |  12.5
        D:5 |     680 |     727 |  51.7 |      20 |       3 |  13.0
        D:6 |     955 |     641 |  40.2 |      14 |       1 |   6.7
        D:7 |    1717 |     405 |  19.1 |      29 |       3 |   9.4
        D:8 |    1266 |     760 |  37.5 |      15 |      11 |  42.3
     Lair:1 |    7725 |    2110 |  21.5 |      33 |       6 |  15.4
            +---------+---------+-------+---------+---------+-------
